 Dungeon Crawl Stone Soup version 0.27.0-1-g7a089689b8 (webtiles) character file.

Game seed: 10930573660489453843

4 Spectrina the Magician (level 1, 0/15 HPs)
             Began as a Djinni Necromancer on Aug 16, 2021.
             Slain by a bat (1 damage)
             ... in a sewer.
             The game lasted 00:01:39 (122 turns).

Spectrina the Magician (Djinni Necromancer)          Turns: 122, Time: 00:01:40

Health: 0/15       AC:  2    Str:  7    XL:     1   Next: 77%
Gold:   25         EV: 12    Int: 16    God:
                   SH:  0    Dex: 13

rFire    + + .     SeeInvis .   (no weapon)
rCold    x . .     Faith    .   (no shield)
rNeg     . . .     Spirit   .   a - +0 robe
rPois    ∞         Reflect  .   (no helmet)
rElec    .         Harm     .   (no cloak)
rCorr    .         Rampage  .   (no gloves)
Will     .....                  (boots unavailable)
Stlth    ++........             (no amulet)
HPRegen  0.05/turn              (no ring)
MPRegen  0.00/turn              (no ring)

@: flying
A: sickness immunity, fire resistance 2, cold vulnerability 1, float, innate
caster, hp casting, extra vitality 1
a: no special abilities


You were in a sewer.
You visited 1 branch of the dungeon, and saw 3 of its levels.
You also visited: Sewer.

You collected 25 gold pieces.

Inventory:

Missiles
 b - 26 stones
Armour
 a - a +0 robe (worn)
Scrolls
 c - a scroll of amnesia {unknown}


   Skills:
 - Level 2.1 Dodging
 - Level 1.5 Stealth
 + Level 3.4 Spellcasting


You couldn't memorise any spells.
You knew the following spells:

 Your Spells              Type           Power      Damage    Failure   Level
a - Pain                  Necr           52%        1d6       4%          1
b - Animate Skeleton      Necr           26%        N/A       4%          1
c - Vampiric Draining     Necr           6%         2d6       13%         3
d - Animate Dead          Necr           6%         N/A       38%         4
e - Agony                 Necr           13%        N/A       75%         5
Your spell library was empty.

Dungeon Overview and Level Annotations

Branches:
Dungeon (4/15)              Sewer (1/1)
 Temple: D:4-7

Altars:


Innate Abilities, Weirdness & Mutations

You are immune to sickness and miasma.
You are immune to poison.
Your flesh is very heat resistant. (rF++)
You are vulnerable to cold. (rC-)
You float through the air rather than walking.
You learn spells naturally, not from books.
Your magical power is your life essence.
You have superior vitality. (+4 HP)


Message History

The bat hits you but does no damage.
Unknown command.
You closely miss the bat.
The bat is moderately wounded.
The bat hits you but does no damage. The bat barely misses you.
Casting: Pain (safe; 4% risk of failure)
Confirm with . or Enter, or press ? or * to list all spells.
Aiming: Pain (safe; 4% risk of failure)
Press: ? - help, Shift-Dir - straight line, f/p - bat
Aim: a bat (water, moderately wounded, chance to affect: 83%)
The bat barely resists.
The bat closely misses you. The bat hits you but does no damage.
You miss the bat.
The bat is moderately wounded.
The bat hits you but does no damage. The bat barely misses you.
Casting: Pain (safe; 4% risk of failure)
Confirm with . or Enter, or press ? or * to list all spells.
Aiming: Pain (safe; 4% risk of failure)
Press: ? - help, Shift-Dir - straight line, f/p - bat
Aim: a bat (chance to affect: 83%)
The bat writhes in agony.
You kill the bat!
* * * LOW HITPOINT WARNING * * *
The bat misses you.
Unknown command.
Casting: Pain (safe; 4% risk of failure)
Confirm with . or Enter, or press ? or * to list all spells.
Aiming: Pain (safe; 4% risk of failure)
Press: ? - help, Shift-Dir - straight line, f - bat
Aim: a bat (moderately wounded, chance to affect: 83%)
The bat writhes in agony.
You kill the bat!
* * * LOW HITPOINT WARNING * * *
There is an empty arch of ancient stone here.
The bat hits you but does no damage.
You closely miss the bat. The bat hits you.
* * * LOW HITPOINT WARNING * * *
The bat misses you.
You hit the bat but do no damage. The bat hits you.
You die...

### ##@##
#.b.#
#...†.#
#...≈†..#
#..≈≈≈..#
#.≈≈≈≈≈.#
#..≈≈≈..#
#...≈...#
##.....##


You could see a bat.

Vanquished Creatures
  3 bats (Sewer)
  A kobold (D:4)
4 creatures vanquished.

Notes
Turn   | Place    | Note
-------+----------+-------------------------------------------
     0 | D:1      | Spectrina the Djinni Necromancer began the quest for the
                  | Orb.
     0 | D:1      | Reached XP level 1. HP: 15/15 MP: 0/0
    13 | D:2      | You are sucked into a shaft and drop 2 floors!
    94 | D:4      | Found a glowing drain.
    99 | Sewer    | Entered a sewer
   122 | Sewer    | Slain by a bat

Illustrated notes

Levels and vault maps discovered:
D:1:      lemuel_arrival_cross, layout_basic, roderic_cross_of_infinity,
          minmay_tromino_v4_b
D:2:      layout_basic, uniq_robin, uniq_jessica
D:4:      layout_loops_ring, grunt_dithmenos_smoke_and_mirrors,
          portal_sewer_entry_e
Sewer:    sewer_big_baddie

Action                   || total
-------------------------++-------
Melee: Unarmed           ||     8
 Cast: Pain              ||     9
Armor: Robe              ||    13
Dodge: Dodged            ||    14
